Map: Acid Plant LE

Players

Serral - Winner!

  • Race: Zerg Zerg
  • League: Master
  • Spawn Location: 11:00

lIIllllIIlll (INnoVation)

  • Race: Terran Terran
  • League: Master
  • Spawn Location: 5:00

Event: HomeStory Cup XVIII

VOD

Have the link to the VOD?

Description

Time

  • Played on: Nov. 25, 2018, 4:09 p.m.
  • Length: 10:40

All games in this series

Show
View Real Time Build Order
Export as new Build Order

Serral Zerg - Winner!

Build Orders: Hatch First 

Get SALT Encoding   

  12  0:00  Drone  
  13  0:13  Overlord  
  13  0:17  Drone  
  14  0:32  Drone x2  
  16  0:49  Hatchery  
  15  0:52  Drone  
  15  0:55  Drone  
  17  0:59  Drone  
  18  1:09  Extractor  
  17  1:14  Spawning Pool  
  17  1:17  Drone  
  17  1:20  Drone  
  18  1:28  Drone  
  19  1:39  Drone  
  20  1:50  Drone  
  21  2:00  Queen x2  
  25  2:01  Zergling x4  
  27  2:18  Hatchery  
  27  2:20  Overlord  
  26  2:23  Drone  
  26  2:26  Drone  
  28  2:30  Metabolic Boost  
  28  2:38  Drone x3  
  31  2:46  Queen  
  33  2:51  Overlord  
  33  2:56  Drone x2  
  35  3:01  Drone  
  36  3:12  Drone x2  
  38  3:15  Overlord  
  38  3:16  Drone x3  
  41  3:22  Queen  
  41  3:23  Drone  
  44  3:30  Queen  
  44  3:34  Overlord  
  46  3:35  Zergling x2  
  46  3:37  Drone x2  
  49  3:44  Overlord, Zergling x2  
  49  3:45  Zergling x2  
  49  3:46  Drone  
  52  3:49  Drone  
  52  3:50  Drone  
  52  3:52  Drone  
  55  3:56  Drone x2  
  55  3:59  Queen  
  55  4:02  Zergling x2  
  60  4:08  Zergling x2  
  61  4:10  Overlord, Drone x2  
  61  4:13  Zergling x4  
  65  4:20  Zergling x6  
  65  4:26  Drone x2  
  59  4:33  Drone x4  
  57  4:42  Drone  
  57  4:45  Drone x4  
  62  4:53  Drone  
  62  4:55  Evolution Chamber x2  
  62  4:56  Drone  
  62  4:59  Queen  
  64  5:02  Queen  
  64  5:03  Drone  
  64  5:05  Drone  
  68  5:08  Drone x2  
  68  5:13  Drone  
  71  5:20  Spore Crawler  
  71  5:21  Drone, Zerg Ground Armor Level 1, Zerg Melee Weapons Level 1  
  70  5:23  Drone  
  70  5:24  Drone  
  70  5:28  Drone  
  74  5:31  Extractor x2  
  72  5:36  Overlord  
  72  5:37  Drone x2  
  72  5:38  Lair  
  72  5:40  Overlord  
  72  5:41  Overlord  
  74  5:43  Overlord  
  74  5:47  Overlord  
  74  5:55  Overlord, Drone x4  
  74  5:56  Baneling Nest  
  77  6:00  Drone x4  
  77  6:02  Spore Crawler  
  77  6:03  Extractor  
  79  6:04  Extractor  
  79  6:05  Drone  
  79  6:06  Drone  
  79  6:10  Drone x5  
  84  6:13  Overlord  
  84  6:14  Drone  
  84  6:16  Drone  
  86  6:24  Hatchery, Zergling x2  
  87  6:25  Zergling x2  
  87  6:33  Zergling x12  
  87  6:39  Centrifical Hooks  
  93  6:40  Zergling x6  
  93  6:41  Hydralisk Den  
  93  6:44  Zergling x6  
  93  6:45  Zergling x2  
  99  6:48  Zergling x4  
  99  6:52  Zergling x2  
  102  6:56  Overlord  
  102  7:00  Zergling x4  
  104  7:14  Overlord  
  104  7:17  Baneling x4  
  104  7:18  Zergling x6, Baneling x4  
  104  7:19  Zergling x4  
  109  7:24  Zergling x10  
  109  7:26  Overlord  
  114  7:34  Zerg Melee Weapons Level 2, Muscular Augments, Zerg Ground Armor Level 2  
  114  7:38  Zergling x8  
  118  7:49  Baneling  
  118  7:50  Zergling x16  
  126  7:57  Overlord  
  126  7:58  Zergling x2  
  127  8:04  Baneling x12  
  129  8:08  Zergling x24  
  133  8:14  Zergling x2  
  130  8:24  Baneling x2  
  130  8:26  Hydralisk x3  
  134  8:28  Hydralisk x2  
  137  8:35  Hatchery  
  137  8:36  Baneling x11  
  137  8:37  Zergling x16  
  143  8:41  Zergling x4  
  143  8:43  Baneling x7  
  143  8:47  Zergling x4  
  146  8:56  Zergling x4  
  146  9:01  Overlord  
  148  9:03  Zergling x18  
  148  9:06  Baneling x13  
  157  9:14  Zergling x6  
  160  9:22  Zergling x4  
  160  9:27  Zergling x2  
  160  9:31  Overlord  
  154  9:32  Zergling x10  
  154  9:36  Baneling x13  
  154  9:37  Zergling x10  
  164  9:42  Zergling x2  
  165  9:49  Baneling x7  
  165  9:50  Zergling x8  
  159  9:58  Zergling x6  
  121  10:02  Zergling x12  
  121  10:03  Hydralisk x2  
  121  10:04  Hydralisk  
  127  10:10  Hydralisk x3  
Show
View Real Time Build Order
Export as new Build Order

lIIllllIIlll Terran 

Build Orders: Gas First Reaper Expand, Liberator Opening, Reaper Expand 

Get SALT Encoding   

  12  0:00  SCV  
  13  0:12  SCV  
  14  0:17  Supply Depot  
  14  0:24  SCV  
  15  0:29  Refinery  
  15  0:38  SCV  
  16  0:44  Barracks  
  16  0:50  SCV  
  17  1:02  SCV  
  18  1:15  SCV  
  19  1:31  Reaper, Orbital Command  
  20  1:43  Command Center  
  20  1:53  Factory  
  20  1:57  SCV  
  21  2:06  Barracks Reactor  
  21  2:10  SCV  
  21  2:13  Supply Depot  
  21  2:15  Refinery  
  22  2:22  SCV  
  23  2:35  SCV  
  24  2:43  Starport  
  24  2:44  Hellion  
  24  2:45  Hellion  
  24  2:47  Marine, SCV  
  30  2:55  Orbital Command  
  30  2:59  SCV  
  30  3:01  Liberator  
  31  3:06  Hellion  
  31  3:07  Hellion  
  31  3:11  SCV  
  39  3:27  Hellion  
  39  3:28  Hellion  
  39  3:31  Supply Depot  
  44  3:34  SCV  
  44  3:35  SCV  
  44  3:36  Barracks Tech Lab  
  45  3:46  SCV  
  46  3:52  SCV  
  46  3:53  Hellion x2  
  46  3:54  Supply Depot  
  51  3:58  Stimpack  
  51  4:00  SCV  
  53  4:04  SCV  
  54  4:12  SCV  
  54  4:16  Marine, SCV  
  56  4:24  SCV  
  56  4:29  SCV  
  53  4:33  Marine  
  50  4:40  SCV  
  50  4:41  Starport Reactor, SCV  
  48  4:47  Barracks  
  48  4:48  Factory Tech Lab  
  48  4:51  Marine  
  48  4:52  SCV  
  50  4:53  Engineering Bay, SCV, Barracks  
  50  4:54  Engineering Bay  
  51  5:02  Refinery x2  
  51  5:04  SCV  
  51  5:05  SCV  
  51  5:06  Siege Tank  
  56  5:11  Engineering Bay x2  
  53  5:16  SCV  
  53  5:17  SCV  
  53  5:18  Marine  
  53  5:20  Terran Infantry Weapons Level 1, Terran Infantry Armor Level 1  
  56  5:25  Starport Reactor  
  56  5:28  SCV  
  57  5:29  Barracks, SCV  
  57  5:30  Barracks  
  58  5:37  Marine x3  
  58  5:41  Supply Depot  
  61  5:42  Supply Depot  
  61  5:47  Supply Depot  
  61  5:48  Marine  
  62  5:58  Combat Shield  
  62  5:59  Supply Depot  
  62  6:03  Marine x3, Medivac, Siege Tank  
  70  6:04  Supply Depot, Medivac  
  70  6:05  Supply Depot  
  70  6:06  SCV x2  
  70  6:10  Marauder  
  70  6:11  Marine  
  77  6:13  Supply Depot  
  77  6:17  Barracks Reactor  
  77  6:18  Barracks Reactor  
  77  6:22  Marine x3  
  77  6:24  Supply Depot  
  80  6:28  Supply Depot, Marine  
  81  6:33  Medivac  
  81  6:34  Medivac  
  81  6:36  Siege Tank  
  88  6:44  Marine x3  
  88  6:45  Marauder  
  88  6:46  Marine  
  94  6:55  Marine x2  
  94  6:56  Marine x2  
  98  7:05  Medivac  
  98  7:06  Medivac  
  102  7:11  Marine x4, Marauder  
  102  7:13  Marine x3  
  102  7:14  Marine  
  102  7:15  Siege Tank  
  115  7:17  Concussive Shells  
  115  7:28  Marine  
  115  7:29  Marine x3  
  119  7:31  Marine x2  
  119  7:32  Marauder  
  119  7:35  Medivac  
  119  7:36  Supply Depot  
  125  7:37  Medivac  
  126  7:48  Marine x5  
  126  7:50  Marine  
  132  7:54  Marauder  
  132  7:57  Marine, Siege Tank  
  132  7:58  Marine  
  139  8:02  Supply Depot  
  139  8:06  Liberator  
  139  8:14  Marine  
  139  8:15  Marauder  
  142  8:21  Marine x2  
  142  8:23  Marine x3  
  148  8:39  Supply Depot  
  148  8:42  Supply Depot  
  148  8:43  Marauder  
  148  8:44  Liberator  
  150  8:55  Marine x4, Liberator  
  150  9:01  Marine, Siege Tank  
  157  9:05  Marine  
  157  9:06  Marine x2, Marauder  
  162  9:13  Marine  
  166  9:25  Marine x4  
  166  9:26  Marine x2  
  166  9:27  Marauder  
  164  9:31  Marine  
  164  9:32  Liberator  
  165  9:46  Supply Depot  
  165  9:47  Siege Tank  
  165  9:48  Supply Depot  
  165  9:49  Marauder  
  165  9:50  Marine  
  112  10:01  Marine x4  
  112  10:03  Marine  
  109  10:10  Marine, Marauder  
  107  10:17  Marine  
  107  10:18  Marine  
Tags
 
Add a new tag
Caveats
  • Supply blocks, unpowered buildings, or Contaminate may cause inaccurate times.
  • Supply counts are checked every 10 seconds.